 Dungeon Crawl Stone Soup version 0.28-a0-1429-gf3d713df7a (webtiles) character file.

Game seed: 1420994377438195640

92 browni3141 the Shield-Bearer (level 4, 0/35 HPs)
             Began as a Human Fighter on Jan 8, 2022.
             Killed by nerve-wracking pain
             ... invoked by an orc priest
              (1 damage)
             ... on level 3 of the Dungeon.
             The game lasted 00:03:28 (2348 turns).

browni3141 the Shield-Bearer (Human Fighter)        Turns: 2348, Time: 00:03:28

Health: 0/35       AC:  6    Str: 19    XL:     4   Next: 90%
Magic:  4/4        EV:  9    Int:  8    God:
Gold:   100        SH:  5    Dex: 12    Spells: 3/3 levels left

rFire   . . .      SeeInvis .   a - +0 long sword
rCold   + . .      Faith    .   c - +0 buckler
rNeg    . . .      Spirit   .   b - +0 scale mail
rPois   .          Reflect  .   (no helmet)
rElec   .          Harm     .   (no cloak)
rCorr   .          Rampage  .   (no gloves)
Will    .....                   (no boots)
Stlth   ..........              (no amulet)
HPRegen 0.11/turn               f - ring of protection from cold
MPRegen 0.09/turn               o - ring of flight

@: flying
A: no striking features
a: no special abilities


You were on level 3 of the Dungeon.
You visited 1 branch of the dungeon, and saw 4 of its levels.

You collected 100 gold pieces.

Inventory:

Hand Weapons
 a - a +0 long sword (weapon)
Missiles
 p - 4 boomerangs (quivered)
Armour
 b - a +0 scale mail (worn)
 c - a +0 buckler (worn)
Jewellery
 f - a ring of protection from cold (left hand)
 i - a ring of magical power
 o - a ring of flight (right hand)
Scrolls
 e - a scroll of amnesia {unknown}
 h - 3 scrolls of identify {unknown}
 k - a scroll of noise {unknown}
 m - a scroll of fog {unknown}
 n - a scroll of acquirement {unknown}
Potions
 d - a potion of heal wounds {unknown}
 g - a potion of curing {unknown}
 j - a potion of resistance {unknown}
 l - a potion of haste {unknown}


   Skills:
 - Level 3.0 Fighting
 + Level 2.5 Long Blades
 - Level 3.0 Armour
 - Level 5.0 Shields


You had 3 spell levels left.
You didn't know any spells.
Your spell library was empty.

Dungeon Overview and Level Annotations

Branches:
Dungeon (4/15)
 Temple: D:4-7

Altars:
Qazlal

Shops:
D:3 *


Message History

You throw a boomerang. The boomerang barely misses the adder.
The adder misses you.
You barely miss the adder.
The adder bites you but does no damage. x2
You slash the adder!
You kill the adder!
The orc priest hits you from afar with a +0 trident.
The orc priest mumbles some strange prayers to Beogh against you.
Beogh smites you!
You see here an adder corpse.
You are too injured to fight recklessly!
You hit the orc priest but do no damage.
The orc priest hits you with a +0 trident.
You hit the orc priest.
The orc priest is heavily wounded.
The orc priest hits you with a +0 trident.
You barely miss the orc priest.
The orc priest is heavily wounded.
The orc priest hits you but does no damage. x2
You hit the orc priest but do no damage.
The orc priest is heavily wounded.
The orc priest barely misses you.
You barely miss the orc priest.
The orc priest is heavily wounded.
The orc priest hits you but does no damage.
You completely miss the orc priest.
The orc priest is heavily wounded.
The orc priest closely misses you.
The orc priest hits you but does no damage.
You closely miss the orc priest.
The orc priest is heavily wounded.
The orc priest mumbles some strange prayers to Beogh against you.
Pain shoots through your body!
* * * LOW HITPOINT WARNING * * *
Unknown command.
Okay, then.
You hit the orc priest but do no damage.
The orc priest is heavily wounded.
The orc priest calls down the wrath of Beogh upon you.
Pain shoots through your body!
You die...

.o#.#..# #.
#._.#.# #>. #.
#S#..## .## #.#
#...#....# #...
#.#
#........##...#
#.# ##.#
##......# #.#
.....##.....#.#
#.# #...o#####.#
###.#
###..@.###.#
#)...
#...#∩....#####
#...<
#.###.........#
#.<.. #.
#.........###....
#.
#........[.......
#.
####...######....
....### #####
#####


You could see an orc priest.

Vanquished Creatures
  3 adders
  A worm (D:2)
  4 dart slugs (D:1)
  5 orcs
  7 ball pythons
  An endoplasm (D:1)
  2 giant cockroaches
  2 goblins
  6 hobgoblins
  3 jackals (D:2)
  A quokka (D:1)
  4 bats
  A frilled lizard (D:1)
  5 kobolds
  4 rats
49 creatures vanquished.

Notes
Turn   | Place    | Note
-------+----------+-------------------------------------------
     0 | D:1      | browni3141 the Human Fighter began the quest for the Orb.
     0 | D:1      | Reached XP level 1. HP: 18/18 MP: 1/1
   132 | D:1      | Reached XP level 2. HP: 24/24 MP: 2/2
   404 | D:1      | You fall into a shaft and drop 1 floor!
   479 | D:2      | Reached skill level 4 in Shields
   479 | D:2      | Reached XP level 3. HP: 29/29 MP: 3/3
   857 | D:2      | Reached XP level 4. HP: 16/35 MP: 4/4
  1320 | D:2      | Found a stormy altar of Qazlal.
  1686 | D:3      | Reached skill level 5 in Shields
  2319 | D:3      | Found Biynwirowk's Assorted Antiques.
  2331 | D:3      | Found a faded altar of an unknown god.
  2347 | D:3      | HP: 1/35 [orc priest/nerve-wracking pain (10)]
  2348 | D:3      | Killed from afar by an orc priest

Illustrated notes

Levels and vault maps discovered:
D:1:      mrwooster_arrival_statue, layout_basic
D:2:      layout_loops_ring, basic_altar
D:3:      layout_rooms, chequers_ecumenical_altar_simple_redux, serial_shops,
          shop
D:4:      layout_loops_ring, mainiacjoe_overflow_big_doors,
          minmay_temple_entry_statues

Skill      XL: |  1  2  3  4 |
---------------+-------------+-----
Shields        | 4 5 |  5.0
Fighting       | |  3.0
Long Blades    | |  2.5
Armour         | |  3.0

Action                   |  1- 3 |  4- 6 || total
-------------------------+-------+-------++-------
Melee: Long sword        |    59 |    90 ||   149
Throw: Boomerang         |       |     4 ||     4
  Use: Potion            |     1 |       ||     1
Armor: Scale mail        |    27 |    31 ||    58
Dodge: Dodged            |    29 |    30 ||    59
Block: Buckler           |    16 |    30 ||    46

Table legend: (Time is in decaauts)
 A = Elapsed time spent in this place.
 B = Non-inter-level travel time spent in this place.
 C = Inter-level travel time spent in this place.
 D = Time resting spent in this place.
 E = Time spent auto-exploring this place.
 F = Levels seen in this place.
 G = Mean time per level.
                   A        B        C        D        E       F      G
               +--------+--------+--------+--------+--------+-----+--------+
         Total |   2401 |   2343 |     58 |    356 |   1579 |   4 |  600.2 |
       Dungeon |   2401 |   2343 |     58 |    356 |   1579 |   4 |  600.2 |
               +--------+--------+--------+--------+--------+-----+--------+

Top non-repeatable levels by time:
     D:2: 1211 daAuts
     D:1: 704 daAuts
     D:3: 365 daAuts
     D:4: 120 daAuts
